 Dungeon Crawl Stone Soup version 0.29.1-1-gd02db6906a (webtiles) character file.

Game seed: 2832360282029869129

25097 unlimited1921 the Thaumaturge (level 13, -4/76 HPs)
             Began as a Djinni Fire Elementalist on Sept 24, 2022.
             Was an Initiate of Gozag.
             Slain by an eight-headed hydra (7 damage)
             ... on level 9 of the Dungeon.
             The game lasted 02:27:51 (27982 turns).

unlimited1921 the Thaumaturge (DjFE)               Turns: 27982, Time: 02:27:52

Health: -4/76      AC: 17    Str: 11    XL:     13   Next: 47%
Gold:   2613       EV: 12    Int: 37    God:    Gozag SH:  5 Dex: 16

rFire   + + +      SeeInvis .   h - +2 flail of the Contumacious God {vorpal, Fragile rF+ rCorr Int+5}
rCold   x . .      Faith    .   r - +0 buckler
rNeg    . . .      Spirit   .   a - +2 leather armour {rF+}
rPois   ∞          Reflect  .   P - +2 helmet
rElec   +          Harm     .   Q - +1 cloak of Impermeability {rElec Str+4 Int+4 Dex+2}
rCorr   +          Rampage  .   F - +0 pair of gloves
Will    +....                   (boots unavailable)
Stlth   +++.......              (no amulet)
HPRegen 0.22/turn               m - +4 ring of protection
MPRegen 0.00/turn               U - +6 ring of intelligence

@: about to teleport, flying
A: sickness immunity, fire resistance 2, cold vulnerability 1, float, innate
caster, HP casting, extra vitality 1
a: Renounce Religion, Potion Petition, Call Merchant, Bribe Branch


You were on level 9 of the Dungeon.
You worshipped Gozag.
Gozag was most pleased with you.
You visited 4 branches of the dungeon, and saw 13 of its levels.

You collected 3929 gold pieces.
You spent 1301 gold pieces at shops.
You paid 15 gold pieces to Gozag.

Inventory:

Hand Weapons
 b - a +5 hammer
 g - a +0 trident of venom
 h - the +2 flail of the Contumacious God (weapon) {vorpal, Fragile rF+ rCorr Int+5}
   (You found it on level 5 of the Dungeon)

   It inflicts extra damage upon your enemies.
   Int:       It affects your intelligence (+5).
   rF:        It protects you from fire.
   rCorr:     It protects you from acid and corrosion.
   Fragile:   It will be destroyed if unequipped.
 s - a +2 spear of freezing
 v - the +3 rapier of True Grit {vorpal, Str+4}
   (You found it on level 3 of the Dungeon)

   It inflicts extra damage upon your enemies.
   Str:       It affects your strength (+4).
 E - a +1 war axe of electrocution
Missiles
 c - 162 stones
 k - 7 boomerangs of dispersal
 y - 21 poisoned darts
 z - 4 javelins
 C - a throwing net
Armour
 a - a +2 leather armour of fire resistance (worn)
 r - a +0 buckler (worn)
 F - a +0 pair of gloves (worn)
 M - a +2 ring mail of poison resistance
 P - a +2 helmet (worn)
 Q - the +1 cloak of Impermeability (worn) {rElec Str+4 Int+4 Dex+2}
   (You bought it in a shop on level 7 of the Dungeon)

   Str:       It affects your strength (+4).
   Int:       It affects your intelligence (+4).
   Dex:       It affects your dexterity (+2).
   rElec:     It insulates you from electricity.
 W - a +2 robe of willpower
 X - a +1 robe of resistance
 Y - a +2 cloak of preservation
Jewellery
 m - a +4 ring of protection (left hand)
 K - a ring of willpower
 N - a ring of resist corrosion
 S - an amulet of faith
 U - a +6 ring of intelligence (right hand)
Wands
 G - a wand of mindburst (24)
 I - a wand of flame (4)
 O - a wand of iceblast (20) (quivered)
Scrolls
 e - 3 scrolls of magic mapping
 f - 3 scrolls of silence {unknown}
 i - 3 scrolls of poison
 j - 3 scrolls of enchant weapon
 o - 3 scrolls of fear
 p - 4 scrolls of enchant armour
 t - a scroll of summoning
 x - 3 scrolls of immolation
 A - 5 scrolls of teleportation
 B - 3 scrolls of blinking {unknown}
 H - 3 scrolls of torment {unknown}
 T - a scroll of fog
Potions
 d - a potion of cancellation
 l - 5 potions of curing
 n - 5 potions of heal wounds
 q - 5 potions of lignification
 u - a potion of invisibility
 w - 3 potions of attraction {unknown}
 J - a potion of might
 L - a potion of resistance {unknown}
 V - a potion of mutation {unknown}


   Skills:
 + Level 0.7 Fighting
 + Level 1.1 Throwing
 * Level 7.9 Armour
 + Level 3.7 Dodging
 + Level 5.0 Stealth
 * Level 2.5 Shields
 + Level 14.8 Spellcasting
 + Level 2.9 Evocations


You had 10 spell levels left.
You knew the following spells:

 Your Spells              Type           Power      Damage    Failure   Level
a - Foxfire               Conj/Fire      100%       2x1d9     0%          1
b - Scorch                Fire           100%       2d10      0%          2
c - Conjure Flame         Conj/Fire      95%        6-21      0%          3
d - Inner Flame           Hex/Fire       95%        N/A       0%          3
e - Flame Wave            Conj/Fire      95%        2d20      1%          4
f - Beastly Appendage     Tmut           100%       N/A       0%          1
g - Static Discharge      Conj/Air       95%        3-15/arc  0%          2
h - Mephitic Cloud        Conj/Pois/Air  95%        N/A       0%          3
i - Ozocubu's Armour      Ice            95%        N/A       0%          3
j - Fulminant Prism       Conj/Hex       47%        3d21      1%          4
k - Lightning Bolt        Conj/Air       47%        1d68      1%          5
Your spell library was empty.

Dungeon Overview and Level Annotations

Branches:
Dungeon (9/15)             Temple (0/1) D:4            Lair (1/5) D:9
    Orc (2/2) D:9             Elf (1/3) Orc:2

Altars:
Dithmenos
Elyvilon
Fedhas
Gozag
Makhleb
Uskayaw
Wu Jian
Xom
Yredelemnul
Zin

Shops:
D:3 :[?   D:6 (   D:7 [   Orc:2 *[[[


Innate Abilities, Weirdness & Mutations

You are immune to sickness and miasma.
You are immune to poison.
Your flesh is very heat resistant. (rF++)
You are vulnerable to cold. (rC-)
You float through the air rather than walking.
You learn spells naturally, not from books.
Your magical power is your life essence.
You have superior vitality. (+4 MHP)


Message History

The eight-headed hydra bites you!
You block the eight-headed hydra's attack.
The eight-headed hydra bites you but does no damage. x2
The eight-headed hydra barely misses you.
You fly upwards.
Welcome back to the Dungeon!
There is a staircase to the Lair here.
As you read the scroll of teleportation, it crumbles to dust.
You feel strangely unstable. You block the black mamba's attack.
The eight-headed hydra bites you but does no damage.
The eight-headed hydra bites you!
The eight-headed hydra barely misses you.
The eight-headed hydra bites you but does no damage. x2
The eight-headed hydra closely misses you.
The eight-headed hydra bites you but does no damage.
The eight-headed hydra misses you.
The black mamba bites you but does no damage.
The eight-headed hydra attacks as you move away!
The eight-headed hydra bites you.
The eight-headed hydra bites you but does no damage.
The eight-headed hydra bites you! x2
The eight-headed hydra bites you but does no damage.
The eight-headed hydra bites you.
The eight-headed hydra bites you but does no damage.
The eight-headed hydra bites you.
You hit the plant.
The plant begins to die.
The plant is lightly damaged.
The black mamba bites you.
The black mamba bites you but does no damage.
The eight-headed hydra closely misses you.
The eight-headed hydra barely misses you.
The eight-headed hydra bites you.
* * * LOW HITPOINT WARNING * * *
The eight-headed hydra bites you!
* * * LOW HITPOINT WARNING * * *
The eight-headed hydra bites you but does no damage.
The eight-headed hydra bites you.
* * * LOW HITPOINT WARNING * * *
The eight-headed hydra bites you!
You die...
Your body crumbles into a pile of gold.

.#...#).)#####.........)...#...#.
.#...#.......#######...##+##.....
.....#.......#.....#...######....
.....#.......'[.)[.'...##......8.
.....#...####.....####.##........
.##+##...##.........##[##........
.#...#<..#.......P..P#[[.[.......
.#...#........PP.P.PP#..[8.....>.
.#...#......PP..@S..P#...........
##...#......PP..D>.PP####........
.'>..#...#.........PP##.#........
.#...#...##PPPP...PP###.#......8.
.#####...##############.#####....
.....#####...#######'##....#.....
##...#...#.....<...........#####.
.#...#...'.................#.....
.#...#...#.................'.....


You could see an eight-headed hydra and a black mamba.

Vanquished Creatures
  A boulder beetle (D:8)
  2 centaur warriors (D:8)
  Erica (D:9)
  Nergalle (Orc:1)
  Sonja (Orc:1)
  Pikel (D:7)
  An orc knight (Orc:2)
  2 ugly things (D:8)
  A deep elf pyromancer (Elf:1)
  A cyclops (Orc:2)
  11 orc sorcerers
  A kobold demonologist (D:8)
  A komodo dragon (D:9)
  3 trolls (Orc:1)
  The ghost of Arctor the Ruffian, an amateur DrTm (D:5)
  A hornet (D:8)
  5 blink frogs
  A slime creature (D:8)
  4 shadows
  A water elemental (Elf:1)
  14 yaks (D:9)
  2 wyverns
  The ghost of karrick the Sneak, an amateur DrEn of Okawaru (D:4)
  2 vampire mosquitoes (D:8)
  A steam dragon (D:9)
  6 wargs (Orc:2)
  5 two-headed ogre zombies (D:9)
  4 water moccasins
  A sky beast (D:8)
  13 orc warriors
  An ice beast (D:8)
  7 ogres
  6 wolves (Lair:1)
  3 centaurs
  A phantom (D:7)
  A lemure (D:7)
  5 kobold brigands
  5 bullfrogs
  3 gnoll sergeants (D:8)
  A necrophage (D:5)
  3 scorpions
  10 wights
  A killer bee (D:8)
  6 howler monkeys
  16 orc priests
  3 jellies
  Crazy Yiuf (D:2)
  A gnoll bouda (D:8)
  3 hounds
  4 iguanas
  2 scorpion zombies (D:4)
  44 orc wizards
  3 ogre zombies (D:9)
  2 hound zombies (D:4)
  7 adders
  6 gnolls
  An ufetubus (D:5)
  A dart slug (D:4)
  81 orcs
  9 ball pythons
  8 endoplasms
  A giant cockroach (D:4)
  6 goblins
  7 hobgoblins
  3 jackals (D:4)
  11 kobolds
  4 quokkas (D:1)
  7 bats
  4 frilled lizards
  2 goblin skeletons (D:9)
  3 goblin zombies (D:9)
  2 hobgoblin zombies (D:9)
  2 orc skeletons (D:9)
  16 orc zombies (D:9)
  8 rats
  10 foxfires
  3 fulminant prisms
424 creatures vanquished.

Vanquished Creatures (collateral kills)
  12 foxfires
12 creatures vanquished.

Vanquished Creatures (others)
  5 demonic plants (D:2)
  564 foxfires
  137 fulminant prisms
  A fungus (D:2)
  62 plants
  3 withered plants (D:2)
772 creatures vanquished.

Grand Total: 1208 creatures vanquished

Notes
Turn   | Place    | Note
-------+----------+-------------------------------------------
     0 | D:1      | unlimited1921 the Djinni Fire Elementalist began the quest
                  | for the Orb.
     0 | D:1      | unlimited1921 set off with the following spells memorised:
                  | Foxfire, Scorch, Conjure Flame, Inner Flame, Flame Wave.
     0 | D:1      | Reached XP level 1. HP: 15/15 MP: 0/0
    98 | D:1      | Reached XP level 2. HP: 11/21 MP: 0/0
  1002 | D:1      | Reached skill level 3 in Spellcasting
  1163 | D:1      | Reached XP level 3. HP: 20/25 MP: 0/0
  1163 | D:1      | Learned a level 1 spell: Beastly Appendage
  2975 | D:2      | Reached XP level 4. HP: 29/31 MP: 0/0
  3003 | D:2      | Found a faded altar of an unknown god.
  3346 | D:2      | Found an opulent altar of Gozag.
  3359 | D:2      | Became a worshipper of Gozag Ym Sagoz the Greedy
  3907 | D:2      | Found a runed translucent door.
  3908 | D:2      | Noticed Crazy Yiuf
  3913 | D:2      | Killed Crazy Yiuf
  4471 | D:3      | Reached XP level 5. HP: 31/35 MP: 0/0
  4471 | D:3      | Learned a level 2 spell: Static Discharge
  4568 | D:3      | Found Kiuhuzamp's Antique Armour Shoppe.
  4584 | D:3      | Identified the +3 rapier of True Grit {vorpal, Str+4}
  4642 | D:3      | Found Inkiduk's Book Shoppe.
  5320 | D:3      | Reached skill level 4 in Spellcasting
  5347 | D:3      | Found Moex's Magic Scroll Shoppe.
  5363 | D:3      | Bought a scroll of teleportation for 33 gold pieces
  5363 | D:3      | Bought a scroll of poison for 44 gold pieces
  5955 | D:4      | Noticed karrick's ghost (amateur DrEn)
  5958 | D:4      | Found a runed translucent door.
  6064 | D:4      | Found a basalt altar of Yredelemnul.
  6071 | D:4      | Reached XP level 6. HP: 33/40 MP: 0/0
  6658 | D:4      | Reached skill level 5 in Spellcasting
  7018 | D:4      | Reached XP level 7. HP: 37/45 MP: 0/0
  7018 | D:4      | Learned a level 3 spell: Mephitic Cloud
  7311 | D:4      | Found a blossoming altar of Fedhas.
  7362 | D:4      | Found a staircase to the Ecumenical Temple.
  8152 | D:4      | Killed karrick's ghost
  8498 | D:5      | Entered Level 5 of the Dungeon
  8593 | D:5      | Identified the +2 flail of the Contumacious God {vorpal,
                  | Fragile rF+ rCorr Int+5}
  8707 | D:5      | Found a shimmering altar of Xom.
  8841 | D:5      | Found a white marble altar of Elyvilon.
  8908 | D:5      | Reached skill level 1 in Armour
  8919 | D:5      | Reached skill level 6 in Spellcasting
  8919 | D:5      | Reached XP level 8. HP: 23/50 MP: 0/0
  9170 | D:5      | Found a runed translucent gate.
  9170 | D:5      | Found a runed translucent gate.
  9170 | D:5      | Found a runed translucent gate.
  9172 | D:5      | Noticed Arctor's ghost (amateur DrTm)
  9210 | D:5      | Found an ornate altar of the Wu Jian Council.
  9744 | D:5      | Found a glowing silver altar of Zin.
  9744 | D:5      | Found an opulent altar of Gozag.
 10070 | D:6      | Found a shadowy altar of Dithmenos.
 10474 | D:6      | Found a burning altar of Makhleb.
 10483 | D:6      | Reached skill level 1 in Evocations
 10681 | D:6      | Found Muleem's Weapon Boutique.
 11301 | D:7      | Reached skill level 7 in Spellcasting
 11301 | D:7      | Reached XP level 9. HP: 34/55 MP: 0/0
 11301 | D:7      | Learned a level 3 spell: Ozocubu's Armour
 11527 | D:7      | Noticed Pikel
 11531 | D:7      | Killed Pikel
 11532 | D:7      | Reached skill level 8 in Spellcasting
 12031 | D:7      | Found Caines's Antique Armour Emporium.
 12091 | D:7      | Bought a dyed leather armour for 145 gold pieces
 12091 | D:7      | Bought a dazzling cloak for 275 gold pieces
 12091 | D:7      | Identified the +1 cloak of Impermeability {rElec Str+4
                  | Int+4 Dex+2} (You bought it in a shop on level 7 of the
                  | Dungeon)
 13220 | D:8      | Reached skill level 9 in Spellcasting
 13220 | D:8      | Reached XP level 10. HP: 53/60 MP: 0/0
 13679 | D:8      | Noticed a kobold demonologist
 13684 | D:8      | Killed a kobold demonologist
 13698 | D:8      | Noticed a brown ugly thing
 13702 | D:8      | Noticed a brown ugly thing
 13707 | D:8      | Killed a brown ugly thing
 13708 | D:8      | Reached skill level 10 in Spellcasting
 13712 | D:8      | Killed a brown ugly thing
 14351 | D:8      | Noticed a boulder beetle
 14762 | D:8      | Killed a boulder beetle
 14763 | D:8      | Reached skill level 11 in Spellcasting
 14763 | D:8      | Reached XP level 11. HP: 62/66 MP: 0/0
 14763 | D:8      | Learned a level 4 spell: Fulminant Prism
 14971 | D:8      | Found a hide-covered altar of Uskayaw.
 14971 | D:8      | Noticed a +0 spear
 14971 | D:8      | Noticed a +0 spear
 14971 | D:8      | Noticed a +0 dagger
 14980 | D:8      | Noticed a +0 short sword
 14981 | D:8      | Noticed a +0 falchion
 14981 | D:8      | Noticed a +0 dagger
 14982 | D:8      | Noticed a +0 falchion
 14982 | D:8      | Noticed a +0 short sword
 15080 | D:8      | Noticed a centaur warrior
 15087 | D:8      | Killed a centaur warrior
 15497 | D:8      | Noticed a centaur warrior
 15506 | D:8      | Killed a centaur warrior
 15507 | D:8      | Reached skill level 1 in Throwing
 16320 | D:5      | Killed Arctor's ghost
 16853 | D:3      | Bought a scroll of enchant armour for 82 gold pieces
 16853 | D:3      | Bought a scroll of enchant armour for 82 gold pieces
 16853 | D:3      | Bought a scroll of teleportation for 33 gold pieces
 16853 | D:3      | Bought a scroll of enchant armour for 82 gold pieces
 16853 | D:3      | Bought a scroll of enchant weapon for 82 gold pieces
 17161 | D:9      | Found a staircase to the Lair.
 17754 | D:9      | Reached skill level 5 in Armour
 17754 | D:9      | Reached skill level 12 in Spellcasting
 18861 | D:9      | Reached XP level 12. HP: 43/71 MP: 0/0
 19443 | D:9      | Found a staircase to the Orcish Mines.
 20665 | D:9      | Noticed Erica
 20675 | D:9      | Killed Erica
 20918 | Orc:1    | Entered Level 1 of the Orcish Mines
 20927 | Orc:1    | Noticed Nergalle
 20930 | Orc:1    | Reached skill level 13 in Spellcasting
 20934 | Orc:1    | Killed Nergalle
 21480 | Orc:2    | Entered Level 2 of the Orcish Mines
 22600 | Orc:2    | Reached skill level 5 in Stealth
 23583 | Orc:2    | Noticed a soul eater
 23584 | Orc:2    | Reached skill level 14 in Spellcasting
 23595 | Orc:2    | Reached XP level 13. HP: 24/76 MP: 0/0
 23595 | Orc:2    | Learned a level 5 spell: Lightning Bolt
 24505 | Orc:2    | Found a staircase to the Elven Halls.
 24611 | Orc:2    | Found Ciujotam's Antique Armour Emporium.
 24611 | Orc:2    | Found Kyrghy's Armour Shop.
 25599 | Orc:2    | Found Axue's General Store.
 25599 | Orc:2    | Found Mecoz's Armour Shop.
 26705 | Orc:2    | Bought a +2 cloak of preservation for 344 gold pieces
 26855 | Orc:2    | Bought a buckler for 99 gold pieces
 26911 | Elf:1    | Entered Level 1 of the Elven Halls
 27031 | Orc:1    | Noticed Sonja
 27032 | Orc:1    | Killed Sonja
 27033 | Orc:1    | Reached skill level 1 in Shields
 27537 | Lair:1   | Entered Level 1 of the Lair of Beasts
 27977 | Lair:1   | Noticed an eight-headed hydra
 27982 | D:9      | HP: 3/76 [eight-headed hydra (6)]
 27982 | D:9      | Slain by an eight-headed hydra

Illustrated notes

Levels and vault maps discovered:
D:1:      dpeg_arrival_yet_another_circle, layout_basic, chequers_mini_garden
D:2:      layout_loops_ring, basic_altar, shapermc_ecumenical_altar_gd,
          uniq_crazy_yiuf_cottage
D:3:      layout_loops_corners, serial_shops, nicolae_shop_statue_plus,
          nicolae_shop_advertising_works [nicolae_subvault_shop_adworks], shop
D:4:      layout_loops_ring, nicolae_yredelemnul_corpse_copse, fedhas_altar_4,
          minmay_temple_entry_crystal_x, hellmonk_ghost_happy_afterlife,
          nicolae_underground_beach
D:5:      layout_basic, grunt_temple_overflow_gold_and_silver,
          mainiacjoe_overflow_boulevard, elyvilon_altar_4, xom_teletrap_fun,
          ebering_ghost_rock_garden
D:6:      layout_rooms, mainiacjoe_overflow_cross_hatched,
          mainiacjoe_overflow_brackets, lemuel_blue_sif_altar, serial_shops,
          shop
D:7:      layout_cave_pools, serial_column_ruins, column_ruins_square_medium,
          column_ruins_hut_ruined, column_ruins_columns_straight,
          column_ruins_grid_1, column_ruins_columns_dead_end,
          column_ruins_columns_dead_end, column_ruins_open_large,
          column_ruins_columns_straight, column_ruins_corridor_corner,
          serial_shops, nicolae_square_shop, uniq_pikel
D:8:      nzn_winding_woodlands_large [nzn_winding_woodlands_5x5_open_star,
          nzn_winding_woodlands_5x15_pathside_ponds,
          nzn_winding_woodlands_5x5_default, nzn_winding_woodlands_center_lodge,
          nzn_winding_woodlands_15x15_five_gardens,
          nzn_winding_woodlands_center_triple_pond,
          nzn_winding_woodlands_5x5_default, nzn_winding_woodlands_5x15_jagged,
          nzn_winding_woodlands_5x5_closed_star], layout_rooms,
          nicolae_uskayaw_en_pointe, serial_aquarium, aquarium_bridge_square
          [aquarium_subvault_wall, aquarium_subvault_bridge,
          aquarium_subvault_wall, aquarium_subvault_wall], aquarium_window_fake,
          aquarium_window_3, aquarium_window_2, aquarium_view_2c,
          aquarium_view_2d, aquarium_balcony_1b, aquarium_pool_side,
          blue_anna_alchemist
D:9:      layout_grid_maze, david_lair_shrubbed, zombieorc2_lemuel, uniq_erica
Lair:1:   layout_hall_layers, grunt_megastairs_5
Orc:1:    layout_diamond_mine, uniq_nergalle, uniq_sonja
Orc:2:    st_orc_town, layout_diamond_mine, hangedman_feature_mirror
Elf:1:    nicolae_elf_arrival_fired_up, layout_loops_ring,
          portal_desolation_entry_twin_temple, serial_shops,
          nicolae_shop_statue_plus, minivault_28, solitary_fountain,
          grunt_ministairs_9, nicolae_elf_shapeshifter_party

Skill      XL: |  1  2  3  4  5  6  7  8  9 10 11 12 13 |
---------------+----------------------------------------+-----
Spellcasting   | 3 4 5 6 7 9 11 12 14 | 14.8
Stealth        | 2 3 4 5 |  5.0
Armour         | 1 3 4 5 7 |  7.9
Evocations     | 1 2 |  2.9
Dodging        | 3 |  3.7
Throwing       | 1 |  1.1
Shields        | 2 |  2.5
Fighting       | |  0.7

Action                   |  1- 3 |  4- 6 |  7- 9 | 10-12 | 13-15 || total
-------------------------+-------+-------+-------+-------+-------++-------
Melee: Unarmed           |       |    30 |       |       |       ||    30
       Punch             |       |     3 |       |       |       ||     3
       Quarterstaff      |       |     5 |       |       |       ||     5
       Flail             |       |       |     1 |    13 |     1 ||    15
Throw: Dart              |       |       |       |     6 |       ||     6
 Cast: Foxfire           |    33 |    74 |    83 |   124 |    40 ||   354
       Scorch            |    21 |    26 |    54 |    71 |    26 ||   198
       Inner Flame       |       |     5 |    30 |   122 |    17 ||   174
       Mephitic Cloud    |       |       |     9 |     5 |     4 ||    18
       Conjure Flame     |       |       |     4 |     1 |       ||     5
       Flame Wave        |       |       |     2 |     3 |     5 ||    10
       Ozocubu's Armour  |       |       |     2 |     2 |       ||     4
       Beastly Appendage |       |       |     1 |       |       ||     1
       Fulminant Prism   |       |       |       |   116 |    24 ||   140
       Lightning Bolt    |       |       |       |       |    21 ||    21
Evoke: Wand              |       |       |    10 |     5 |       ||    15
  Use: Scroll            |       |     8 |     5 |     4 |     3 ||    20
       Potion            |       |       |     3 |     1 |       ||     4
Armor: Robe              |     4 |     9 |       |       |       ||    13
       Leather armour    |       |       |    14 |    29 |    32 ||    75
Dodge: Dodged            |     6 |    15 |    19 |    38 |    29 ||   107
Block: Buckler           |       |       |       |       |     9 ||     9
